 Dungeon Crawl Stone Soup version 0.27-a0-607-g1ad3dbde53 (webtiles) character file.

Game seed: 9116805736288828318

0 Allula97 the Skirmisher (level 1, -9/13 HPs)
             Began as a Vampire Abyssal Knight on Mar 13, 2021.
             Was a Follower of Lugonu.
             Killed from afar by a raiju (14 damage)
             ... with a living lightning
             ... on level 2 of the Abyss.
             The game lasted 00:02:21 (206 turns).

Allula97 the Skirmisher (Vampire Abyssal Knight)     Turns: 206, Time: 00:02:22

Health: -9/13      AC:  4    Str:  9    XL:     1   Next: 0%
Magic:  2/2        EV: 11    Int: 14    God:    Lugonu [*.....]
Gold:   61         SH:  0    Dex: 13    Spells: 0/0 levels left

rFire    . . .     SeeInvis +   f - +0 rapier
rCold    + + .     Faith    .   (no shield)
rNeg     + + +     Spirit   .   b - +0 leather armour
rPois    ∞         Reflect  .   (no helmet)
rElec    .         Harm     .   c - +0 cloak
rCorr    .         Rampage  .   (no gloves)
Will     .....     Rnd*Tele +   (no boots)
Stlth    +++.......             (no amulet)
HPRegen  0.00/turn              (no ring)
MPRegen  0.08/turn              (no ring)

@: bloodless
A: fangs 3, talons 1, see invisible, teleportitis 1, weak 1, unbreathing 1,
vampiric 1
a: Revivify, Renounce Religion, Depart the Abyss


You were on level 2 of the Abyss.
You worshipped Lugonu.
Lugonu was aware of your devotion.
You visited 0 branches of the dungeon, and saw 0 of its levels.
You visited the Abyss 1 time.

You collected 61 gold pieces.

Inventory:

Hand Weapons
 a - a +1 short sword
 f - a +0 rapier (weapon)
Armour
 b - a +0 leather armour (worn)
 c - a +0 cloak (worn)
Scrolls
 g - a scroll of enchant weapon {unknown}
 h - a scroll of identify {unknown}
 i - a scroll of teleportation {unknown}
Potions
 d - 2 potions of brilliance {unknown}
 e - a potion of curing {unknown}


   Skills:
 * Level 2.6 Fighting
 * Level 2.1 Short Blades
 * Level 0.7 Armour
 * Level 2.1 Dodging
 + Level 1.5 Invocations


You couldn't memorise any spells.
You didn't know any spells.
Your spell library was empty.

Dungeon Overview and Level Annotations

Branches:
Dungeon (0/15)

Altars:


Innate Abilities, Weirdness & Mutations

You do not regenerate when monsters are visible.
You are frail without blood (-20% HP).
You can heal yourself when you bite living creatures.
You are immune to poison.
You have razor-sharp teeth.
You have supernaturally acute eyesight. (SInv)
You can survive without breathing.
You are afflicted with vampirism.
You have sharp toenails.
You are occasionally teleported next to monsters.
You are weak. (Str -2)


Message History

i - a scroll labelled NORUHU HAPHIXE A spatial vortex comes into view.
A spatial vortex comes into view.
A raiju comes into view.
A raiju comes into view.
A raiju comes into view.
An orange demon comes into view.
Found a gateway leading out of the Abyss.
There is a gateway leading out of the Abyss here.
You start waiting.
A thrashing horror comes into view.
The thrashing horror moves out of view.
You start waiting.
A thrashing horror is nearby!
The thrashing horror roars!
The thrashing horror barely misses you. x2
There is a gateway leading out of the Abyss here.
Found a gateway leading deeper into the Abyss.
A raiju comes into view.
You enter the shallow water.
Moving in this stuff is going to be slow. 2 raiju come into view.
The raiju barks!
You hear a bark! x2
The raiju barks!
The raiju bursts into living lightning!
The living lightning hits you!
Ouch! That really hurt!
The raiju blinks!
The raiju bursts into living lightning!
The living lightning misses you. x2; The raiju blinks!
The raiju bursts into living lightning!
The living lightning misses you.
The raiju blinks!
The raiju bursts into living lightning!
The living lightning misses you.
The raiju blinks!
The raiju bursts into living lightning!
The living lightning misses you. x2; The raiju blinks! x2
The raiju bursts into living lightning!
The living lightning hits you. The living lightning hits you!
Ouch! That really hurt!
You die...

. .... ... # ##. .
..# . ## ## #. #.#.
# .♣♣## .#.#.. ##.#
... #≈≈ .#...... .
# # ###≈≈#≈..#. .
.# #..≈≈.#...# . .#
.#.. . #.≈...#.####
. . # #.
#≈≈≈#h#.#.####. ..
# .
##♣≈@.h.#.##.##. .
. #..#§≈≈#§#...#
.#..# .#
..#...≈≈.h#...# ..
. ##
.....#≈♣.#.#..##..#
.#.# ..#..≈≈.
#..#..#.# .. #
#.#≈≈#.§#####...#
...#.≈≈#.....#X..#
.....≈≈≈. ###∩# #
.#.#≈≈≈...#.#...##


You could see 3 raiju.

Vanquished Creatures
  A lurking horror (Abyss:2)
1 creature vanquished.

Notes
Turn   | Place    | Note
-------+----------+-------------------------------------------
     0 | Abyss:1  | Allula97 the Vampire Abyssal Knight began the quest for the
                  | Orb.
     0 | Abyss:1  | Reached XP level 1. HP: 17/17 MP: 2/2
    15 | Abyss:1  | Noticed a neqoxec
    30 | Abyss:1  | Gained mutation: You are occasionally teleported next to
                  | monsters. [a neqoxec]
    34 | Abyss:1  | Gained mutation: You have sharp toenails. [a neqoxec]
    35 | Abyss:1  | Gained mutation: You are weak. (Str -2) [a neqoxec]
    61 | Abyss:2  | Noticed a tormentor
    79 | Abyss:2  | Noticed a starcursed mass
   103 | Abyss:2  | Noticed a large abomination
   111 | Abyss:2  | Noticed a fire giant skeleton
   122 | Abyss:2  | Noticed a spatial vortex
   124 | Abyss:2  | Noticed a spatial vortex
   135 | Abyss:2  | Noticed a raiju
   136 | Abyss:2  | Noticed a raiju
   137 | Abyss:2  | Noticed a raiju
   156 | Abyss:2  | Noticed an orange demon
   188 | Abyss:2  | Noticed a thrashing horror
   198 | Abyss:2  | Noticed a raiju
   199 | Abyss:2  | Noticed a raiju
   199 | Abyss:2  | Noticed a raiju
   206 | Abyss:2  | Killed from afar by a raiju

Illustrated notes

Levels and vault maps discovered:
Abyss:2:  base: Temple, base: Temple, minivault_1, minivault_1

Action                   || total
-------------------------++-------
Melee: Rapier            ||     1
 Abil: Exsanguinate      ||     1
 Stab: Distracted        ||     1
Dodge: Dodged            ||     8

Table legend: (Time is in decaauts)
 A = Elapsed time spent in this place.
 B = Non-inter-level travel time spent in this place.
 C = Inter-level travel time spent in this place.
 D = Time resting spent in this place.
 E = Time spent auto-exploring this place.
 F = Levels seen in this place.
 G = Mean time per level.
                   A        B        C        D        E       F      G
               +--------+--------+--------+--------+--------+-----+--------+
         Total |    206 |    206 |      0 |     11 |      0 |   2 |  103.0 |
         Abyss |    206 |    206 |      0 |     11 |      0 |   2 |  103.0 |
               +--------+--------+--------+--------+--------+-----+--------+

Top non-repeatable levels by time:
 Abyss:2: 162 daAuts
 Abyss:1: 44 daAuts
